 Dungeon Crawl Stone Soup version 0.24.0-125-gc4c63601f3 (webtiles) character file.

Game seed: 1261213985658928044, levelgen mode: deterministic

63 Johnny the Poker (level 3, -14/29 HPs)
             Began as a Demigod Gladiator on Feb 17, 2020.
             Demolished by Crazy Yiuf
             ... wielding a +4 quarterstaff of chaos
              (17 damage)
             ... on level 2 of the Dungeon.
             The game lasted 00:01:07 (1582 turns).

Johnny the Poker (Demigod Gladiator)                Turns: 1582, Time: 00:01:08

Health: -14/29     AC:  4    Str: 19    XL:     3   Next: 61%
Magic:  5/5        EV: 13    Int: 12    God:
Gold:   98         SH:  0    Dex: 17    Spells: 2/2 levels left

rFire    . . .     SeeInvis .   a - +0 trident
rCold    . . .     Gourm    .   (no shield)
rNeg     . . .     Faith    .   b - +0 leather armour
rPois    .         Spirit   .   c - +0 helmet
rElec    .         Reflect  .   (no cloak)
rCorr    .         Harm     .   (no gloves)
MR       .....                  (no boots)
Stlth    +.........             (no amulet)
HPRegen  0.09/turn              (no ring)
MPRegen  0.09/turn              (no ring)

@: lightly drained
A: high mp 1
a: no special abilities


You were on level 2 of the Dungeon.
You were very hungry.

You visited 1 branch of the dungeon, and saw 2 of its levels.

You collected 98 gold pieces.

Inventory:

Hand Weapons
 a - a +0 trident (weapon)
Missiles
 d - 3 throwing nets (quivered)
Armour
 b - a +0 leather armour (worn)
 c - a +0 helmet (worn)
Wands
 m - a wand of paralysis (5)
 p - a wand of random effects (13)
Scrolls
 g - a scroll of remove curse {unknown}
 i - 3 scrolls of teleportation {unknown}
 k - a scroll of magic mapping {unknown}
 l - a scroll of identify {unknown}
 n - a scroll of enchant weapon {unknown}
Potions
 e - a potion of ambrosia {unknown}
 h - 2 potions of lignification {unknown}
 j - a potion of mutation {unknown}
 o - a potion of invisibility {unknown}
Comestibles
 f - 8 rations


   Skills:
 - Level 1.7(1.5) Fighting
 + Level 4.4(4.1) Polearms
 - Level 1.7(1.5) Throwing
 - Level 2.6(2.4) Dodging


You had 2 spell levels left.
You didn't know any spells.
Your spell library was empty.

Dungeon Overview and Level Annotations

Branches:
Dungeon (2/15)

Annotations:
D:2 Crazy Yiuf


Innate Abilities, Weirdness & Mutations

You have an increased reservoir of magic. (+10% MP)


Message History

Crazy Yiuf hits you with a +4 quarterstaff of chaos.
* * * LOW HITPOINT WARNING * * *
You feel drained.
Okay, then.
Okay, then.
Evoke which item? (* to show all) (? for menu, Esc to quit)
Aiming: Paralyse
Press: ? - help, Shift-Dir - straight line, f - Crazy Yiuf
Aim: Crazy Yiuf, wielding a +4 quarterstaff of chaos and wearing a +0 cloak (moderately wounded, berserk, fast, unusually strong, chance to defeat MR: 54%) Crazy Yiuf resists with significant effort.
Crazy Yiuf barely misses you.
Evoke which item? (* to show all) (? for menu, Esc to quit)
Aiming: Paralyse
Press: ? - help, Shift-Dir - straight line, f/p - Crazy Yiuf
Aim: Crazy Yiuf, wielding a +4 quarterstaff of chaos and wearing a +0 cloak (moderately wounded, berserk, fast, unusually strong, chance to defeat MR: 54%) Crazy Yiuf resists with significant effort.
Crazy Yiuf closely misses you.
Crazy Yiuf hits you with a +4 quarterstaff of chaos!
Ouch! That really hurt!
You die...

............#
############# #####
#..)# #...# ... #g#
# ♣♣@♣ # ♣.♣♣ #
♣♣.♣ # ♣.♣♣ # ♣♣.♣♣
# ♣.P.♣♣ ##########
♣..PP♣ #........#
##..##
#........#####....#


You could see Crazy Yiuf (berserk).

Vanquished Creatures
  A hound (D:2)
  An adder (D:2)
  2 worms (D:2)
  4 bats (D:1)
  2 goblins
  3 hobgoblins
  A ball python (D:1)
  3 frilled lizards (D:1)
  5 kobolds
  2 rats (D:1)
24 creatures vanquished.

Vanquished Creatures (others)
  5 toadstools (D:1)
5 creatures vanquished.

Grand Total: 29 creatures vanquished

Notes
Turn   | Place    | Note
-------+----------+-------------------------------------------
     0 | D:1      | Johnny the Demigod Gladiator began the quest for the Orb.
     0 | D:1      | Reached XP level 1. HP: 17/17 MP: 3/3
   113 | D:1      | Reached skill level 3 in Polearms
   306 | D:1      | Reached XP level 2. HP: 21/24 MP: 4/4
   694 | D:2      | Found a runed translucent door.
   695 | D:2      | Noticed Crazy Yiuf
   766 | D:2      | Reached XP level 3. HP: 15/29 MP: 5/5
  1378 | D:2      | Reached skill level 4 in Polearms
  1498 | D:2      | Found a burning altar of Makhleb.
  1582 | D:2      | Demolished by Crazy Yiuf

Levels and vault maps discovered:
D:1:      ldierk_walled_garden, layout_loops_cross
D:2:      layout_basic, makhleb_blood_cavern_becter, uniq_crazy_yiuf_cottage

Skill      XL: |  1  2  3 |
---------------+----------+-----
Polearms       | 3 4 |  4.4
Fighting       | |  1.7
Throwing       | |  1.7
Dodging        | |  2.6

Action                   || total
-------------------------++-------
Melee: Trident           ||    89
Evoke: Wand              ||     2
 Stab: Sleeping          ||     3
  Eat: Chunk             ||     1
Armor: Leather armour    ||    18
Dodge: Dodged            ||    60
